AoeStats
← straker

Arabia

508903695Analyzed
1v1 RM · 6d ago on Sep 24, 2026· 43m 10s· 2 players
Game mode
Random Map
Map size
Tiny (2 player)
Population
200
Speed
Normal
Resources
Standard
Victory
Conquest
Starting age
Dark Age
Ending age
Imperial Age
RankedLock teamsTeams togetherTeam positionsShared explorationLock speedFull tech treeHidden civsTurbo modeCheats
Victory
Defeat
🇺🇸 Teutons · United States
1022
+18
🇬🇧 Danes · United Kingdom
1058
-18
Just Stop Oil
9:08 Feudal Age
9:37 Loom
9:46 Double-Bit Axe
14:02 Town Watch
14:11 Horse Collar
19:19 Castle Age
18:56 Fletching
19:24 Crossbowman
21:54 Husbandry
25:07 Wheelbarrow
28:49 Squires
38:16 Bodkin Arrow
straker
3:10 Loom
10:45 Feudal Age
13:04 Man-at-Arms
13:47 Double-Bit Axe
18:07 Arson
18:45 Horse Collar
22:57 Scale Barding Armor
23:04 Bloodlines
24:09 Forging
26:30 Wheelbarrow
29:58 Castle Age
28:59 Stone Mining
29:49 Gold Mining
31:00 Bow Saw
33:38 Iron Casting
33:37 Fletching
35:32 Heavy Plow
37:55 Hand Cart
38:50 Stone Shaft Mining
40:16 Town Watch
41:06 Chain Barding Armor
Connection lost

Rejoining the realm…

Still unreachable

The connection could not be restored.

Session expired

The server has moved on; the page needs a fresh start.